 Dungeon Crawl Stone Soup version 0.30-a0-919-g9323dee000 (webtiles) character file.

Game seed: 8622664239521988604

196 MacCMillion the Chopper (level 5, -1/45 HPs)
             Began as a Minotaur Fighter on Mar 21, 2023.
             Was an Initiate of Makhleb.
             Slain by an ogre
             ... wielding a +0 giant club
              (19 damage)
             ... on level 4 of the Dungeon.
             The game lasted 00:04:07 (2929 turns).

MacCMillion the Chopper (Minotaur Fighter)          Turns: 2929, Time: 00:04:07

Health: -1/45      AC:  8    Str: 28    XL:     5   Next: 45%
Magic:  4/4        EV:  9    Int:  5    God:    Makhleb [......]
Gold:   170        SH:  5    Dex: 16    Spells: 4/4 levels left

rFire   . . .      SeeInvis .    a - +0 war axe
rCold   . . .      Faith    .    c - +0 buckler
rNeg    . . .      Spirit   .    b - +0 scale mail
rPois   .          Reflect  .    (helmet restricted)
rElec   .          Rampage  .    (no cloak)
rCorr   .                        (no gloves)
Will    .....                    q - +0 pair of boots Stlth
                                 (no amulet)
HPRegen 0.27/turn                k - +6 ring of strength
MPRegen 0.09/turn                m - +6 ring of dexterity

@: no status effects
A: horns 2, retaliatory headbutt
a: Renounce Religion


You were on level 4 of the Dungeon.
You worshipped Makhleb.
Makhleb was noncommittal.
You visited 1 branch of the dungeon, and saw 4 of its levels.

You collected 170 gold pieces.

Inventory:

Hand Weapons
 a - a +0 war axe (weapon)
 n - the +4 whip of Grace {flame, Fly rElec Str+3}
   (You found it on level 3 of the Dungeon)

   Str:       It affects your strength (+3).
   rElec:     It insulates you from electricity.
   Fly:       It grants you flight.
Missiles
 o - 2 poisoned darts (quivered)
 t - a boomerang
Armour
 b - a +0 scale mail (worn)
 c - a +0 buckler (worn)
 q - a +0 pair of boots (worn)
Jewellery
 g - a ring of resist corrosion
 h - an amulet of faith
 k - a +6 ring of strength (left hand)
 m - a +6 ring of dexterity (right hand)
 s - a ring of poison resistance
Scrolls
 f - a scroll of brand weapon {unknown}
 j - 2 scrolls of identify {unknown}
 p - a scroll of magic mapping {unknown}
 r - 3 scrolls of teleportation {unknown}
 u - a scroll of fear {unknown}
Potions
 d - 3 potions of might
 e - a potion of mutation {unknown}
 i - a potion of curing {unknown}
 l - 2 potions of degeneration {unknown}


   Skills:
 - Level 3.6 Fighting
 + Level 6.0 Axes
 - Level 3.7 Armour
 - Level 5.0 Shields


You had 4 spell levels left.
You didn't know any spells.
Your spell library contained the following spells:

 Spells                   Type           Power      Damage    Failure   Level
 Kiss of Death            Conj/Necr      0%         2d5       83%         1
 Confusing Touch          Hex            0%         N/A       99%         3
 Dispel Undead            Necr           0%         3d6       100%        4


Dungeon Overview and Level Annotations

Branches:
Dungeon (4/15)
 Temple: D:4-7

Altars:
Makhleb
Zin


Innate Abilities, Weirdness & Mutations

You have a pair of horns on your head.
You reflexively headbutt those who attack you in melee.


Message History

You closely miss the orc. You headbutt the orc.
The orc is heavily wounded.
The orc closely misses you. You furiously retaliate!
You headbutt the orc.
You kill the orc!
Makhleb accepts your kill.
You hit the endoplasm. You headbutt the endoplasm.
You kill the endoplasm!
Makhleb accepts your kill.
No target in view!
No target in view!
You start waiting.
Done waiting.
t - a boomerang
Items here: )) [ ††.
You see here a book of Touch.
r - 3 scrolls labelled GIYHAU TAAME (gained 1)
u - a scroll labelled JIOCEORAWK You now have 170 gold pieces (gained 18).
An ogre comes into view. It is wielding a +0 giant club.
Found an escape hatch in the floor.
An ogre is nearby!
You throw a poisoned dart.
The poisoned dart barely misses the ogre.
You throw a poisoned dart. The poisoned dart hits the ogre.
The ogre is poisoned.
You throw a poisoned dart. The poisoned dart hits the ogre.
The ogre looks even sicker.
You throw a poisoned dart. The poisoned dart hits the ogre.
The ogre looks even sicker.
You barely miss the ogre.
The ogre is lightly wounded.
The ogre hits you with a +0 giant club!!
Ouch! That really hurt!
You are too injured to fight recklessly!
You are too injured to fight recklessly!
You are too injured to fight recklessly!
You slash the ogre!
The ogre is severely wounded.
The ogre hits you with a +0 giant club!!
You die...

###. #.........O. #.....
#..#..# ...#......#..##(##
.... #........###.....# ....
#.........####..## #...
#.........##.(..#
....###...........(P♣P...#
.....#...........O♣♣♣....#
#......#.......@..♣♣♣.....
##...)..#..........P♣P...##.
.##.)......PP...........##
...........P♣♣.♣....###.#
..........P)P♣P♣PP...# .##
.........P♣♣♣♣♣♣..♣..##..##
............♣♣♣.♣.♣.P.#...#
...........♣♣.♣...PP..#...#
.............:..P..........


You could see an ogre (very poisoned).

Vanquished Creatures
  A scorpion (D:4)
  An orc priest (D:4)
  An iguana (D:3)
  3 adders
  2 dart slugs
  4 orcs
  3 ball pythons
  5 endoplasms
  A giant cockroach (D:1)
  7 goblins (D:1)
  3 hobgoblins
  4 kobolds
  4 quokkas
  4 bats
  A frilled lizard (D:1)
  5 rats
49 creatures vanquished.

Notes
Turn   | Place    | Note
-------+----------+-------------------------------------------
     0 | D:1      | MacCMillion the Minotaur Fighter began the quest for the
                  | Orb.
     0 | D:1      | Reached XP level 1. HP: 19/19 MP: 0/0
   103 | D:1      | Reached XP level 2. HP: 21/26 MP: 1/1
   127 | D:1      | Reached skill level 3 in Axes
   697 | D:2      | Reached XP level 3. HP: 30/31 MP: 2/2
   746 | D:2      | You fall into a shaft and drop 1 floor!
  1022 | D:3      | Found a burning altar of Makhleb.
  1024 | D:3      | Found a glowing silver altar of Zin.
  1024 | D:3      | Noticed an angel
  1025 | D:3      | Noticed a blizzard demon
  1027 | D:3      | Became a worshipper of Makhleb the Destroyer
  1204 | D:3      | Identified the +4 whip of Grace {flame, Fly rElec Str+3}
  1892 | D:3      | Reached skill level 4 in Axes
  2008 | D:3      | Reached skill level 5 in Shields
  2008 | D:3      | Reached XP level 4. HP: 16/39 MP: 3/3
  2340 | D:4      | Noticed a scorpion
  2353 | D:4      | Killed a scorpion
  2354 | D:4      | Reached skill level 5 in Axes
  2354 | D:4      | Reached XP level 5. HP: 41/45 MP: 4/4
  2577 | D:3      | Reached skill level 6 in Axes
  2916 | D:4      | Noticed an ogre
  2929 | D:4      | Slain by an ogre

Illustrated notes

Levels and vault maps discovered:
D:1:      heliophobic_arrival_ceremonial_halls, layout_basic
D:2:      layout_basic
D:3:      layout_loops_corners, grunt_temple_overflow_order_and_chaos_2,
          roderic_roman_lattice, kennysheep_generic_room_5
D:4:      layout_cave_pools, serial_forest, infiniplex_forest_lined_room_,
          infiniplex_forest_clump_long, infiniplex_forest_lined_3,
          infiniplex_forest_fountain, infiniplex_forest_straight_2,
          infiniplex_forest_clump_small, infiniplex_forest_clump_diagonal,
          infiniplex_forest_lined_3, infiniplex_forest_lined_2,
          hangedman_abyss_or_decor_jellyfish_corner

Skill      XL: |  1  2  3  4  5 |
---------------+----------------+-----
Shields        | 4 5 |  5.0
Axes           | 3 4 5 6 |  6.0
Fighting       | |  3.6
Armour         | |  3.7

Action                     |  1- 3 |  4- 6 || total
---------------------------+-------+-------++-------
  Melee: War axe           |    80 |    20 ||   100
         Headbutt          |    11 |     3 ||    14
  Throw: Dart              |       |     5 ||     5
 Armour: Scale mail        |    30 |    12 ||    42
  Dodge: Dodged            |    43 |    12 ||    55
  Block: Buckler           |    13 |     9 ||    22

Table legend: (Time is in decaauts)
 A = Elapsed time spent in this place.
 B = Non-inter-level travel time spent in this place.
 C = Inter-level travel time spent in this place.
 D = Time resting spent in this place.
 E = Time spent auto-exploring this place.
 F = Levels seen in this place.
 G = Mean time per level.
                   A        B        C        D        E       F      G
               +--------+--------+--------+--------+--------+-----+--------+
         Total |   2965 |   2913 |     52 |    896 |   1600 |   4 |  741.2 |
       Dungeon |   2965 |   2913 |     52 |    896 |   1600 |   4 |  741.2 |
               +--------+--------+--------+--------+--------+-----+--------+

Top non-repeatable levels by time:
     D:3: 1643 daAuts
     D:1: 671 daAuts
     D:4: 558 daAuts
     D:2: 93 daAuts
